 Dungeon Crawl Stone Soup version 0.32-a0-18-g89e19f1974 (webtiles) character file.

Game seed: 17109696462718022430

576 Laraso the Trooper (level 7, -1/58 HPs)
             Began as a Mummy Necromancer on Jan 16, 2024.
             Slain by a gnoll sergeant
             ... wielding a +0 spear
              (13 damage)
             ... on level 5 of the Dungeon.
             The game lasted 00:07:58 (4736 turns).

Laraso the Trooper (Mummy Necromancer)              Turns: 4736, Time: 00:07:58

Health: -1/58      AC:  2    Str: 11    XL:     7   Next: 13%
Magic:  7/11       EV: 12    Int: 16    God:
Gold:   121        SH:  0    Dex: 13    Spells: 7/11 levels left

rFire   x . .        a - +2 short sword (elec)
rCold   + . .        (no shield)
rNeg    + + +        k - +0 robe
rPois   ∞            (no helmet)
rElec   .            (no cloak)
rCorr   .            (no gloves)
SInv    .            (no boots)
Will    +....        (no amulet)
Stlth   ++           d - ring of willpower
HPRegen 0.29/turn    (no ring)
MPRegen 0.12/turn

%: faith
@: about to teleport
A: cold resistance 1, negative energy resistance 3, torment resistance 2, heat
vulnerability 1, in touch with death 1, no potions, faith
a: no special abilities


You were on level 5 of the Dungeon.
You visited 1 branch of the dungeon, and saw 5 of its levels.

You collected 141 gold pieces.
You spent 20 gold pieces at shops.

Inventory:

Hand Weapons
 a - a +2 short sword of electrocution (weapon)
Armour
 j - +0 swamp dragon scales
 k - a +0 robe (worn)
Jewellery
 d - a ring of willpower (left hand)
Wands
 b - a wand of mindburst (9)
Scrolls
 c - 4 scrolls of teleportation
 e - a scroll of identify
 g - a scroll of enchant weapon
 h - a scroll of enchant armour
 i - a scroll of vulnerability {unknown}


   Skills:
 - Level 6.0 Fighting
 - Level 2.0 Armour
 - Level 1.5 Dodging
 - Level 1.5 Stealth
 - Level 2.6 Spellcasting
 * Level 5.4 Necromancy


You had 7 spell levels left.
You knew the following spells:

 Your Spells              Type           Power      Damage    Failure   Level
a - Necrotise             Necr           100%       1d9       1%          1
b - Vampiric Draining     Necr           29%        2d8       6%          3

Your spell library contained the following spells:

 Spells                   Type           Power      Damage    Failure   Level
 Animate Dead             Necr           29%        N/A       21%         4
 Curse of Agony           Necr           29%        N/A       50%         5


Dungeon Overview and Level Annotations

Branches:
Dungeon (5/15)
 Temple: D:4-7

Altars:
Dithmenos
Gozag
Vehumet
Xom

Shops:
D:2 *   D:5 !

Annotations:
D:4 1 runed translucent door, dingleboss's ghost, amateur DEEn
D:5 2 transporters, knightboat's ghost, novice VSBr


Innate Abilities, Weirdness & Mutations

You are immune to poison.
Your flesh is cold resistant. (rC+)
You are immune to negative energy. (rN+++)
You are immune to unholy pain and torment.
You are vulnerable to heat. (rF-)
You are in touch with the powers of death.
You do not drink.
You have a special connection with the divine. (Faith)


Message History

Unknown command.
You hit the ogre.
The ogre is heavily wounded.
Knightboat's ghost wails, "You will never get the ORB!"
The ogre barely misses you.
You hit the ogre.
The ogre is severely wounded.
Knightboat's ghost whispers, "Everlasting silence awaits you..."
The ogre hits you with a +0 giant club!
You hit the ogre.
The ogre is severely wounded.
You hit the ogre.
The ogre is severely wounded.
The ogre hits you with a +0 giant club!!
Ouch! That really hurt!
* * * LOW HITPOINT WARNING * * *
You hear a shout!
Casting: Necrotise (safe; 2% risk of failure)
Confirm with . or Enter, or press ? or * to list all spells.
Aiming: Vampiric Draining (dangerous; 8% risk of failure)
Press: ? - help, Shift-Dir - straight line, f/p - ogre
Aim: an ogre, wielding a +0 giant club (severely wounded)
You feel a surge of power!
You draw life force from the ogre!
You kill the ogre!
You feel life coursing into your body.
Your Necromancy skill increases to level 5!
You have reached level 7!
You start resting.
Knightboat's ghost stares at you.
A gnoll sergeant comes into view. It is wielding a +0 spear.
A gnoll sergeant is nearby!
You start resting.
A gnoll sergeant is nearby!
A gnoll comes into view. It is wielding a +0 spear.
There is a transporter here.
As you read the scroll of teleportation, it crumbles to dust.
You feel strangely unstable.
Knightboat's ghost whispers something so quietly that you cannot hear it.
The gnoll sergeant hits you from afar with a +0 spear!
You die...

#...#############........#
#...#.,,,,©...,,#........#
#...#.#,.#.#..#.#........#
#...#..*#...##..#.........
#####..##...##..#######'#.
#,#.#..#.#..#.#..>....#.
#.#©..OWO.....#.......#.
#.#############.......#.
#......@.©............#.
********##...g.........#......##
*,,,,,,,*###'###)#######........
*,,,,,,,,,..,,.....,,,*#......##
*,,,,,,,...,.........,*########*
**,,,,,,.........g......,,,,,,,,,
,,,,,,**.#*..####'##...#*,,,,,,,,
,,,,,,**,**g,**,.g#*...#*,,,,,,,,
,*,,,,,*,,,,,,,,.g.,,..',,,,,,,,,


You could see 2 ogres, a gnoll sergeant, knightboat's ghost and 2 gnolls.

Vanquished Creatures
  Menkaure (D:4)
  An ogre (D:5)
  A scorpion (D:5)
  An orc priest (D:3)
  2 iguanas (D:4)
  Jessica (D:2)
  2 orc wizards (D:4)
  3 adders
  2 white imps (D:5)
  2 ufetubi (D:5)
  2 ribbon worms
  3 dart slugs
  9 orcs
  8 ball pythons
  5 bats
  11 endoplasms
  A giant cockroach (D:3)
  5 goblins
  4 hobgoblins
  6 jackals
  9 kobolds
  6 quokkas
  A frilled lizard (D:2)
  4 rats
90 creatures vanquished.

Vanquished Creatures (collateral kills)
  A bat (D:2)
  A frilled lizard (D:2)
2 creatures vanquished.

Grand Total: 92 creatures vanquished

Notes
Turn   | Place    | Note
-------+----------+-------------------------------------------
     0 | D:1      | Laraso the Mummy Necromancer began the quest for the Orb.
     0 | D:1      | Reached XP level 1. HP: 13/13 MP: 4/4
   215 | D:1      | Reached skill level 1 in Fighting
   350 | D:1      | Reached XP level 2. HP: 22/22 MP: 2/5
   493 | D:1      | Reached skill level 2 in Fighting
   912 | D:1      | Reached XP level 3. HP: 28/28 MP: 2/7
  1197 | D:1      | Reached skill level 3 in Fighting
  1391 | D:1      | Learned a level 3 spell: Vampiric Draining
  1433 | D:2      | Noticed Jessica
  1437 | D:2      | Killed Jessica
  1515 | D:2      | Reached XP level 4. HP: 37/37 MP: 4/8
  1806 | D:2      | Found Vijeczapn's General Store.
  1840 | D:2      | Reached skill level 4 in Fighting
  1870 | D:2      | Bought a scroll of identify for 20 gold pieces
  2479 | D:3      | Found a shadowy altar of Dithmenos.
  2479 | D:3      | Found a radiant altar of Vehumet.
  2481 | D:3      | Found an opulent altar of Gozag.
  2697 | D:3      | Found a shimmering altar of Xom.
  2706 | D:3      | Identified the +6 short sword "Itay" {freeze, Dex+3}
  3023 | D:3      | Reached XP level 5. HP: 41/43 MP: 4/9
  3358 | D:4      | Reached skill level 5 in Fighting
  3404 | D:4      | Noticed Menkaure
  3408 | D:4      | Killed Menkaure
  3409 | D:4      | Reached skill level 6 in Fighting
  3409 | D:4      | Reached XP level 6. HP: 52/52 MP: 10/10
  3411 | D:4      | Found a runed translucent door.
  3411 | D:4      | Noticed dingleboss's ghost (amateur DEEn)
  3761 | D:4      | Reached skill level 1 in Armour
  4307 | D:5      | Entered Level 5 of the Dungeon
  4508 | D:5      | Found Recaol's Distillery.
  4710 | D:5      | Noticed knightboat's ghost (novice VSBr)
  4711 | D:5      | Found a transporter.
  4715 | D:5      | Found a transporter.
  4725 | D:5      | Reached skill level 5 in Necromancy
  4725 | D:5      | Reached XP level 7. HP: 8/58 MP: 5/11
  4736 | D:5      | Slain by a gnoll sergeant

Illustrated notes

Levels and vault maps discovered:
D:1:      dpeg_arrival_windows_large_door, layout_loops_ring,
          serial_co_window_serial, co_window_paths_b, co_window_paths_a,
          co_window_cross_1, co_window_paths_a, co_window_paths_b,
          co_window_unsneaky_path_c, co_window_corner_b, co_window_cross_2,
          co_window_4corner_a, glass_columns_b, glass_columns_c, glass_columns_a
D:2:      layout_basic, basic_altar, serial_shops,
          nicolae_shop_advertising_works [nicolae_subvault_shop_adworks],
          uniq_jessica
D:3:      layout_loops_cross, overflow_temple_1_default,
          nicolae_overflow_macrodata_refinement, zin_academy
D:4:      layout_basic, gammafunk_ghost_grave, uniq_menkaure
D:5:      layout_gridville, gammafunk_temple_overflow_elements,
          gammafunk_ghost_smash, cheibrodos_sewer_entry_bend, serial_shops,
          shop, serial_library_hellmonk_small_alcove, kennysheep_crisscross,
          chequers_garden

Skill      XL: |  1  2  3  4  5  6 |
---------------+-------------------+-----
Fighting       | 1 2 3 4 6 |  6.0
Armour         | 2 |  2.0
Necromancy     | 5 |  5.4
Dodging        | |  1.5
Stealth        | |  1.5
Spellcasting   | |  2.6

Action                     |  1- 3 |  4- 6 |  7- 9 || total
---------------------------+-------+-------+-------++-------
  Melee: Unarmed           |     1 |       |       ||     1
         Spear             |    31 |    89 |       ||   120
         Punch             |       |     2 |       ||     2
         Quarterstaff      |       |    78 |       ||    78
         Short sword       |       |    41 |       ||    41
   Cast: Necrotise         |    49 |    30 |       ||    79
         Vampiric Draining |       |     9 |       ||     9
  Evoke: Wand              |       |     4 |       ||     4
    Use: Scroll            |       |     5 |     1 ||     6
   Stab: Distracted        |     1 |     1 |       ||     2
         Sleeping          |     3 |     7 |       ||    10
 Armour: Robe              |    15 |    97 |     1 ||   113
         Swamp dragon scal |       |    36 |       ||    36
  Dodge: Dodged            |    32 |   116 |       ||   148

Table legend: (Time is in decaauts)
 A = Elapsed time spent in this place.
 B = Non-inter-level travel time spent in this place.
 C = Inter-level travel time spent in this place.
 D = Time resting spent in this place.
 E = Time spent auto-exploring this place.
 F = Levels seen in this place.
 G = Mean time per level.
                   A        B        C        D        E       F      G
               +--------+--------+--------+--------+--------+-----+--------+
         Total |   4768 |   4609 |    159 |    438 |   3304 |   5 |  953.6 |
       Dungeon |   4768 |   4609 |    159 |    438 |   3304 |   5 |  953.6 |
               +--------+--------+--------+--------+--------+-----+--------+

Top non-repeatable levels by time:
     D:1: 1422 daAuts
     D:4: 1093 daAuts
     D:2: 1013 daAuts
     D:3: 807 daAuts
     D:5: 432 daAuts
